 Dungeon Crawl Stone Soup version 0.17-a0-737-gf0a300a (webtiles) character file.

221 Pikaro the Archer (level 5, -1/41 HPs)
             Began as a Centaur Hunter on Apr 25, 2015.
             Slain by an orc wizard
             ... wielding a +0 dagger
              (3 damage)
             ... on level 3 of the Dungeon.
             The game lasted 00:07:44 (4682 turns).

Pikaro the Archer (Centaur Hunter)                  Turns: 4682, Time: 00:07:44

Health: -1/41      AC:  6    Str: 15    XL:     5   Next: 65%
Magic:  14/14      EV:  9    Int: 10    God:
Gold:   132        SH:  0    Dex: 10    Spells: 0 memorised, 4 levels left

rFire  . . .     SeeInvis .     v - +0 blowgun
rCold  . . .     Clarity  .     d - +0 leather armour
rNeg   . . .     SustAb   .     (no shield)
rPois  .         Gourm    .     (no helmet)
rElec  .         Spirit   .     (no cloak)
rCorr  .         Warding  .     r - +1 pair of gloves
rMut   .         Stasis   .     (no barding)
MR     .....                    (no amulet)
Stlth  +.........               s - ring of magical power {MP+9}
                                g - ring of wizardry {Wiz+}

@: very quick, not resistant to hostile enchantments, very unstealthy
A: hooves 3, deformed body, speed 2, tough skin 3
a: no special abilities


You were on level 3 of the Dungeon.
You were very hungry.

You visited 1 branch of the dungeon, and saw 4 of its levels.

You collected 132 gold pieces.

Inventory:

Hand weapons
 a - a +0 short sword
 b - a +1 shortbow
 v - a +0 blowgun (weapon)
   (You took it off a kobold on level 3 of the Dungeon)
Missiles
 c - 11 arrows
 u - 13 poisoned needles (quivered)
Armour
 d - a +0 leather armour (worn)
 r - a +1 pair of gloves (worn)
   (You found it on level 2 of the Dungeon)
Jewellery
 g - a ring of wizardry (left hand) {Wiz+}
   (You took it off a kobold on level 1 of the Dungeon)
 i - an uncursed ring of magical power {MP+9}
   (You found it on level 3 of the Dungeon)
 s - a ring of magical power (right hand) {MP+9}
   (You found it on level 2 of the Dungeon)
Scrolls
 f - 2 scrolls of identify
 h - a scroll of magic mapping {unknown}
 j - a scroll of teleportation {unknown}
 l - a scroll of remove curse {unknown}
 m - a scroll of immolation {unknown}
 n - a scroll of enchant armour
Potions
 q - a potion of resistance
 t - a potion of poison {!q}
Comestibles
 e - 2 bread rations
 o - 2 fruits
 p - 2 meat rations


   Skills:
 - Level 2.0 Fighting
 + Level 9.2 Bows
 - Level 1.3 Dodging
 - Level 0.5 Stealth


You had 4 spell levels left.
You didn't know any spells.

Dungeon Overview and Level Annotations

Branches:
Dungeon (4/15)
 Temple: D:4-7

Altars:
Makhleb
Ru
Sif Muna


Innate Abilities, Weirdness & Mutations

You have hooves in place of feet.
Armour fits poorly on your strangely shaped body.
You cover ground very quickly.
You have extremely tough skin (AC +3).


Message History

The orc wizard flickers and vanishes!
Deactivating autopickup; reactivate with Ctrl-A.
The orc hits you but does no damage.
You take 2 damage, and have 37/41 hp.
You hit the orc.
You kill the orc!
You hear some strange, mumbled words.
A magic dart appears from out of thin air!
The magic dart hits you!
You take 6 damage, and have 31/41 hp.
You barely miss something. Your kick misses something.
Something hits you but does no damage.
The goblin wields a hunting sling.
The goblin shoots a stone.
The stone hits you. Something hits you but does no damage.
You miss something. Your kick misses something.
The goblin shoots a stone.
The stone hits you. Something hits you.
You take 9 damage, and have 22/41 hp.
MASSIVE DAMAGE!!
You barely miss something.
You hear some strange, mumbled words.
A puff of frost appears from out of thin air!
The puff of frost hits you!
The goblin shoots a stone.
The stone hits you.
* * * LOW HITPOINT WARNING * * *
Something hits you.
* * * LOW HITPOINT WARNING * * *
You take 15 damage, and have 7/41 hp.
MASSIVE DAMAGE!!
HP at 17%!
Drink which item? (? for menu, Esc to quit)
You feel much better. Something hits you.
The goblin shoots a stone.
The stone barely misses you.
You regained 27 hp, and now have 34/41 hp.
There is a stone staircase leading up here.
Something hits you. Something hits you but does no damage.
You climb upwards.
There is a stone staircase leading down here.
You take 1 damage, and have 33/41 hp.
You barely miss something. You kick something.
Something hits you but does no damage. Something hits you.
You take 1 damage, and have 32/41 hp.
You hit something but do no damage. You kick something.
Something hits you but does no damage.
You miss something. Something hits you but does no damage.
You hear some strange, mumbled words.
A magic dart appears from out of thin air!
The magic dart hits you!
You take 6 damage, and have 26/41 hp.
You closely miss something. You kick something.
Something hits you but does no damage.
You hear some strange, mumbled words.
A puff of frost appears from out of thin air!
The puff of frost hits you!
You take 4 damage, and have 22/41 hp.
You barely miss something. You kick something.
Something hits you but does no damage.
You closely miss something. Something hits you but does no damage.
You hear some strange, mumbled words.
A puff of flame appears from out of thin air!
The puff of flame hits you!
You take 6 damage, and have 16/41 hp.
HP at 39%!
You miss something. You kick something. Something hits you.
You take 3 damage, and have 13/41 hp.
You barely miss something. Your kick misses something.
Something hits you but does no damage. Something hits you.
* * * LOW HITPOINT WARNING * * *
You take 2 damage, and have 11/41 hp.
You hit something. Something hits you.
* * * LOW HITPOINT WARNING * * *
Something hits you but does no damage.
You take 5 damage, and have 6/41 hp.
HP at 14%!
Read which item? (? for menu, Esc to quit)
As you read the scroll labeled UTOMUAJIUR, it crumbles to dust.
It is a scroll of enchant armour.
Enchant which item? (? for menu, Esc to quit)
Your cursed +0 pair of gloves glows green for a moment.
You hear some strange, mumbled words.
A puff of flame appears from out of thin air!
The puff of flame misses you.
You miss something. Something hits you.
* * * LOW HITPOINT WARNING * * *
Something hits you but does no damage.
You take 3 damage, and have 3/41 hp.
You hit something.
An orc wizard appears from thin air!
Reactivating autopickup.
The orc wizard mumbles some strange words.
You feel a wave of unholy energy pass over you.
The orc wizard hits you with a dagger.
* * * LOW HITPOINT WARNING * * *
You take 1 damage, and have 2/41 hp.
Drink which item? (? for menu, Esc to quit)
Okay, then.
Wield which item (- for none, * to show all)? (? for menu, Esc to quit)
v - a +0 blowgun (weapon)
Aim: an orc wizard, wielding a dagger and wearing a robe (heavily wounded, fast)
You shoot a poisoned needle.
The poisoned needle hits the orc wizard!
The orc wizard is poisoned.
The orc wizard hits you but does no damage.
The orc wizard hits you with a dagger.
You die...

#........# #..#.+............'..
#........####.#.#....).......###
#........'......#....##......###
#....<...####.#.'....####.......
##'####### #.#.#....# #.#.###.
##'### #.#.#....####+#.# #.
#....########...##..........# #.
#............#o.##..........###.
#............#.@##..............
#.(..........#####..........#.#.
#............# ##'#####...#.#.
#....#.......# #.# ###.#.#.
#....#.......# #.# #.#.#.
######.####### #.# #.#.##
#.############.# #.#...
#.†............# #.####
################ #.#


You could see an orc wizard.

Vanquished Creatures
  Blork the orc (D:3)
  An orc wizard (D:2)
  3 adders
  2 gnolls (D:1)
  2 oozes
  3 worms
  A giant gecko (D:2)
  3 orcs
  5 giant cockroaches
  8 goblins
  3 hobgoblins
  4 jackals (D:2)
  A quokka (D:3)
  8 bats
  2 giant newts (D:1)
  12 kobolds
  6 rats
65 creatures vanquished.

Notes
Turn   | Place    | Note
--------------------------------------------------------------
     0 | D:1      | Pikaro, the Centaur Hunter, began the quest for the Orb.
     0 | D:1      | Reached XP level 1. HP: 17/17 MP: 1/1
    79 | D:1      | Reached skill level 6 in Bows
    79 | D:1      | Reached XP level 2. HP: 9/24 MP: 2/2
   410 | D:1      | HP: 6/24 [gnoll/spear (8)]
   420 | D:1      | HP: 6/24 [bat (1)]
   659 | D:1      | Reached XP level 3. HP: 21/29 MP: 3/3
  1309 | D:1      | Reached skill level 7 in Bows
  1678 | D:2      | Found a burning altar of Makhleb.
  2537 | D:2      | Found a sacrificial altar of Ru.
  2556 | D:2      | HP: 4/29 [kobold (4)]
  2561 | D:2      | Reached XP level 4. HP: 4/36 MP: 4/4
  2563 | D:2      | HP: 3/36 [kobold (2)]
  2884 | D:2      | Reached skill level 8 in Bows
  3578 | D:3      | Reached XP level 5. HP: 37/41 MP: 5/5
  3871 | D:3      | HP: 10/41 [poisoned by a kobold]
  3877 | D:3      | HP: 9/41 [poisoned by a kobold]
  3885 | D:3      | HP: 8/41 [poisoned by a kobold]
  4337 | D:3      | Noticed Blork the orc
  4354 | D:3      | Killed Blork the orc
  4354 | D:3      | Reached skill level 9 in Bows
  4361 | D:3      | Found a deep blue altar of Sif Muna.
  4664 | D:4      | HP: 7/41 [something (4)]
  4677 | D:3      | HP: 6/41 [something (5)]
  4680 | D:3      | HP: 2/41 [orc wizard/dagger (1)]
  4682 | D:3      | Slain by an orc wizard

Action                   |  1- 3 |  4- 6 || total
-------------------------+-------+-------++-------
Melee: Short sword       |   154 |   104 ||   258
 Fire: Shortbow          |    20 |    36 ||    56
       Blowgun           |       |     4 ||     4
  Use: Scroll            |       |     5 ||     5
       Potion            |       |     2 ||     2
 Stab: Paralysed         |       |     1 ||     1
  Eat: Chunk             |     3 |     6 ||     9

Vault maps used:
D:1:      evilmike_arrival_run_for_it
D:2:      old_standard_altar, nicolae_ru_great_annihilating_truth
D:3:      tgw_sif, corexii_shack
D:4:      gammafunk_temple_overflow_wave, first_bread, serial_shops,
          kennysheep_mini_moat, uniq_edmund

Table legend:
 A = Turns spent in this place as a percentage of turns spent in the entire game.
 B = Non-inter-level travel turns spent in this place as a percentage of non-inter-level travel turns spent in the entire game.
 C = Inter-level travel turns spent in this place as a percentage of turns spent in this place.
 D = Turns resting spent in this place as a percentage of non-inter-level travel turns spent in this place.
 E = Turns spent auto-exploring this place as a percentage of non-inter-level travel turns spent in this place.
 F = Non-inter-level travel turns spent in this place divided by the number of levels of this place that you've seen.
                   A       B       C       D       E      F
               +-------+-------+-------+-------+-------+----------------------
         Total | 100.0 | 100.0 |   0.4 |   7.0 |   6.3 | 235.8
       Dungeon | 100.0 | 100.0 |   0.4 |   7.0 |   6.3 | 235.8
               +-------+-------+-------+-------+-------+----------------------

Table legend:
 A = Kills in this place as a percentage of kills in entire the game.
 B = Kills by you in this place as a percentage of kills by you in the entire game.
 C = Kills by friends in this place as a percentage of kills by friends in the entire game.
 D = Other kills in this place as a percentage of other kills in the entire game.
 E = Experience gained in this place as a percentage of experience gained in the entire game.
 F = Experience gained in this place divided by the number of levels of this place that you have seen.
                   A       B       C       D       E      F
               +-------+-------+-------+-------+-------+----------------------
         Total | 100.0 | 100.0 |  -nan |  -nan | 100.0 |  79.2
       Dungeon | 100.0 | 100.0 |  -nan |  -nan | 100.0 |  79.2
               +-------+-------+-------+-------+-------+----------------------
